 Dungeon Crawl Stone Soup version 0.26.0-10-g1f06aea511 (webtiles) character file.

Game seed: 5069875881831820541

81 Borgoz the Slasher (level 4, -17/37 HPs)
             Began as a Ghoul Gladiator on Jan 14, 2021.
             Demolished by an ogre
             ... wielding a +0 giant spiked club
              (20 damage)
             ... on level 2 of the Dungeon.
             The game lasted 00:01:36 (1571 turns).

Borgoz the Slasher (Ghoul Gladiator)                Turns: 1571, Time: 00:01:36

Health: -17/37     AC:  4    Str: 17    XL:     4   Next: 42%
Magic:  3/3        EV: 13    Int:  3    God:
Gold:   87         SH:  0    Dex: 11    Spells: 3/3 levels left

rFire    + . .     SeeInvis .   a - +0 long sword
rCold    + + +     Faith    .   (no shield)
rNeg     + + +     Spirit   .   b - +0 leather armour
rPois    ∞         Reflect  .   c - +0 helmet
rElec    +         Harm     .   (no cloak)
rCorr    +         Rampage  .   (no gloves)
Will     .....                  (no boots)
Stlth    +.........             (no amulet)
HPRegen  0.00/turn              i - ring of protection from cold
MPRegen  0.08/turn              (no ring)

@: resistant, flying
A: claws 1, cold resistance 1, negative energy resistance 3, inhibited
regeneration, torment resistance, unbreathing
a: no special abilities


You were on level 2 of the Dungeon.
You visited 1 branch of the dungeon, and saw 2 of its levels.

You collected 87 gold pieces.

Inventory:

Hand Weapons
 a - a +0 long sword (weapon)
Armour
 b - a +0 leather armour (worn)
 c - a +0 helmet (worn)
Jewellery
 i - a ring of protection from cold (left claw)
Scrolls
 e - 2 scrolls of remove curse {unknown}
 f - a scroll of fog {unknown}
 g - 2 scrolls of magic mapping {unknown}
 j - a scroll of fear {unknown}
 l - 3 scrolls of identify {unknown}
 m - a scroll of teleportation {unknown}
 o - a scroll of blinking {unknown}
Potions
 k - a potion of resistance


   Skills:
 + Level 2.8 Fighting
 * Level 3.4 Long Blades
 - Level 1.7 Throwing
 + Level 1.0 Armour
 * Level 3.4 Dodging


You had 3 spell levels left.
You didn't know any spells.
Your spell library was empty.

Dungeon Overview and Level Annotations

Branches:
Dungeon (2/15)

Altars:
Xom


Innate Abilities, Weirdness & Mutations

You thrive by killing the living.
You are immune to poison.
You have sharp fingernails.
Your flesh is cold resistant. (rC+)
You are immune to negative energy. (rN+++)
You do not regenerate when monsters are visible.
You are immune to unholy pain and torment.
You can survive without breathing.


Message History

You barely miss the orc wizard.
The orc wizard is almost dead.
The orc wizard hits you but does no damage.
The orc wizard casts a spell at you. The puff of frost misses you.
You hit the orc wizard.
You kill the orc wizard!
The frilled lizard barely misses you.
You riposte.
You slash the frilled lizard!
You kill the frilled lizard!
Your Armour skill increases to level 1!
You have reached level 4!
Throw: throwing net
Press: ? - help, Q - select action Shift-Dir - straight line, f - ogre
Aim: an ogre, wielding a +0 giant spiked club You throw a throwing net.
The throwing net barely misses the ogre.
The ogre hits you with a +0 giant spiked club!!
Ouch! That really hurt!
You die...

#..# #..# ###
#[.# .. #..# .#
#..##########.###
#..#.##...@O)..(#
#...#...#####.#.#
#......## .#
#.##.#.# oO
#.##.#.# .#l
#....#.# .##.
#..###.##### ..
.. ##..........#
.# ##
...............#


You could see an ogre.

Vanquished Creatures
  An orc wizard (D:2)
  An adder (D:2)
  A worm (D:2)
  A dart slug (D:1)
  A leopard gecko (D:1)
  4 orcs (D:2)
  A giant cockroach (D:1)
  6 goblins
  5 hobgoblins
  2 kobolds (D:2)
  2 ball pythons
  7 bats
  2 frilled lizards
  2 rats (D:2)
36 creatures vanquished.

Notes
Turn   | Place    | Note
-------+----------+-------------------------------------------
     0 | D:1      | Borgoz the Ghoul Gladiator began the quest for the Orb.
     0 | D:1      | Reached XP level 1. HP: 17/17 MP: 0/0
   547 | D:1      | Reached XP level 2. HP: 21/25 MP: 1/1
  1130 | D:2      | Found a shimmering altar of Xom.
  1175 | D:2      | Reached XP level 3. HP: 30/30 MP: 2/2
  1530 | D:2      | Noticed an ogre
  1570 | D:2      | Reached skill level 1 in Armour
  1570 | D:2      | Reached XP level 4. HP: 3/37 MP: 3/3
  1571 | D:2      | Demolished by an ogre

Illustrated notes

Levels and vault maps discovered:
D:1:      evilmike_arrival_plus, layout_loops_corners,
          hangedman_abyss_or_decor_lesser_grid
D:2:      layout_loops_ring, okawaru_ov_weapons_minmay,
          nemelex_xobeh_ov_fountains_minmay, xom_teletrap_fun

Skill      XL: |  1  2  3 |
---------------+----------+-----
Dodging        | 3 |  3.4
Long Blades    | 3 |  3.4
Armour         | 1 |  1.0
Fighting       | |  2.8
Throwing       | |  1.7

Action                   |  1- 3 |  4- 6 || total
-------------------------+-------+-------++-------
Melee: Long sword        |   112 |       ||   112
Throw: Throwing net      |     2 |     1 ||     3
  Use: Potion            |     3 |       ||     3
 Stab: Held in net/web   |     1 |       ||     1
Armor: Leather armour    |    38 |       ||    38
Dodge: Dodged            |    72 |       ||    72
       Rpst.: Long sword |    32 |       ||    32
